 Dungeon Crawl Stone Soup version 0.17-a0-1572-g7a1422d (console) character file.

3578 siepu the Grappler (level 10, -13/87 (88) HPs)
             Began as a Ghoul Monk on July 25, 2015.
             Killed by the air
             ... invoked by Gastronok
              (22 damage)
             ... on level 8 of the Dungeon.
             The game lasted 00:27:31 (8654 turns).

siepu the Grappler (Ghoul Monk)                     Turns: 8654, Time: 00:27:31

HP:   -13/87 (88)   AC:  4    Str: 16    XL:     10   Next: 10%
MP:   9/9           EV: 16    Int:  5    God:
Gold: 289           SH:  0    Dex: 14    Spells: 0 memorised, 9 levels left

rFire  + . .     SeeInvis +       - Unarmed
rCold  + . .     Clarity  .     a - +0 robe
rNeg   + + +     SustAt   .     (no shield)
rPois  ∞         Gourm    .     x - +0 helmet
rElec  .         Spirit   .     D - +0 cloak
rCorr  .         Warding  .     (no gloves)
rMut   .         Stasis   +     (no boots)
MR     .....                    M - amulet of stasis
Stlth  ++........               E - ring of protection from fire
                                t - ring of see invisible

@: rotting, not resistant to hostile enchantments, unstealthy
A: rotting body, claws 1, carnivore 3, cold resistance 1, negative energy
resistance 3, slow healing 1, torment resistance, unbreathing
a: no special abilities


You were on level 8 of the Dungeon.
You were not hungry.

You visited 2 branches of the dungeon, and saw 9 of its levels.
You also visited: Ossuary.

You collected 289 gold pieces.

Inventory:

Missiles
 i - 293 stones
 y - 8 javelins (quivered)
 J - 4 throwing nets
Armour
 a - a +0 robe (worn)
 x - a +0 helmet (worn)
 D - a +0 cloak (worn)
Magical staves
 o - an uncursed staff of death
Jewellery
 g - an uncursed ring of teleportation
 h - a +2 ring of dexterity
 n - an uncursed ring of magical power
 t - a ring of see invisible (left claw)
 u - an uncursed ring of protection from magic
 E - a ring of protection from fire (right claw)
 M - an amulet of stasis (around neck)
Magical devices
 F - a wand of draining (7)
 L - a wand of draining (12)
 O - a wand of fire (14)
 P - a wand of frost (28)
Scrolls
 d - a scroll of amnesia
 e - 2 scrolls of identify
 f - 2 scrolls of fog
 j - 5 scrolls of remove curse
 l - a scroll of teleportation
 r - a scroll of magic mapping
 s - a scroll of recharging
Potions
 c - 2 potions of heal wounds
 k - 4 potions of lignification
 p - a potion of brilliance {unknown}
 q - 2 potions of cancellation {unknown}
 v - a potion of resistance {unknown}
 w - a potion of cure mutation {unknown}
 z - a potion of poison {unknown}
 C - a potion of agility {unknown}
 H - a potion of flight {unknown}
 I - 3 potions of haste
 K - 7 potions of curing
Books
 A - a book of Maledictions

   Spells                             Type                      Level
   a - Corona                         Hexes                        1
   b - Ensorcelled Hibernation        Hexes/Ice                    2
   c - Confuse                        Hexes                        3
   d - Tukima's Dance                 Hexes                        3
   e - Dazzling Spray                 Conjuration/Hexes            3
 G - a Necronomicon

   Spells                             Type                      Level
   a - Haunt                          Necromancy/Summoning         7
   b - Borgnjor's Revivification      Necromancy                   8
   c - Death's Door                   Charms/Necromancy            8
   d - Necromutation                  Transmutation/Necromancy     8
Comestibles
 b - 7 meat rations
 m - a beef jerky
 B - 5 slices of pizza
 N - 5 chunks of flesh


   Skills:
 + Level 7.7 Fighting
 - Level 1.1 Throwing
 + Level 6.9 Dodging
 - Level 2.1 Stealth
 - Level 12.0 Unarmed Combat


You had 9 spell levels left.
You didn't know any spells.

Dungeon Overview and Level Annotations

Branches:
Dungeon (8/15)             Temple (1/1) D:6
   Lair: D:8-11

Altars:
Ashenzari
Cheibriados
Dithmenos
Elyvilon
Fedhas
Makhleb
Nemelex Xobeh
Okawaru
Ru
Sif Muna
Trog
Vehumet
Yredelemnul
Zin
The Shining One

Shops:
D:7 (

Annotations:
D:3 abixa's ghost, average HOBe
D:8 Gastronok


Innate Abilities, Weirdness & Mutations

Your body is rotting away.
You thrive on raw meat.
You are immune to poison.
You have sharp fingernails.
You are carnivorous and can eat meat at any time.
Your flesh is cold resistant.
You are immune to negative energy.
You heal slowly when monsters are visible.
You are immune to unholy pain and torment.
You can survive without breathing.


Message History

Gastronok is severely wounded.
You barely miss Gastronok.
Gastronok is severely wounded.
Gastronok bites you!!
You completely miss Gastronok.
Gastronok is severely wounded.
You scratch Gastronok.
Gastronok is severely wounded.
You scratch Gastronok. You claw Gastronok.
Gastronok is almost dead.
Gastronok waves his eye-stalks in wide circles.
The air twists around and strikes you!
* * * LOW HITPOINT WARNING * * *
You claw Gastronok!
Gastronok is almost dead.
You claw Gastronok!
Gastronok is almost dead.
Gastronok waves his eye-stalks in wide circles.
The air twists around and strikes you!
You die...

#############
+...#..#....@w..+
#...#..#........#
#.(.+..+........#
+...#.##.##...###
###+#...#.##.##...#
#.......#...........
#.......#.##.###..##.
+.......'.##.# #..#
#..... #.......#..+..
... .....


You could see Gastronok.

Vanquished Creatures
  A hill giant (D:7)
  A hungry ghost (D:7)
  Menkaure (D:4)
  4 orc warriors
  4 sky beasts
  2 ice beasts (D:7)
  2 ogres (D:4)
  A black bear (D:6)
  A centaur (D:7)
  The ghost of cireshan the Firebug, an average DEFE (D:4)
  A giant frog (D:6)
  A gnoll sergeant (D:7)
  A water moccasin zombie (D:7)
  4 wights (D:6)
  2 crimson imps
  2 centaur zombies (Ossuary)
  A jelly (D:5)
  Crazy Yiuf (D:4)
  3 hounds
  3 orc priests (D:6)
  2 orc wizards (D:6)
  4 worker ants
  6 big kobold zombies (Ossuary)
  2 hound skeletons
  5 mummies (Ossuary)
  A worker ant zombie (D:6)
  Robin (D:4)
  6 adders
  15 gnolls
  A shadow imp (D:7)
  An ooze (D:6)
  An adder zombie (D:7)
  A worm zombie (D:6)
  An adder skeleton (D:4)
  3 worms
  5 giant geckos
  28 orcs
  A bat skeleton (D:4)
  A bat zombie (D:6)
  4 giant cockroaches
  20 hobgoblins
  5 quokkas
  12 bats
  A giant gecko skeleton (D:6)
  7 giant newts
  21 goblins
  A hobgoblin zombie (Ossuary)
  10 jackals
  A jackal skeleton (D:6)
  11 kobolds
  10 rats
225 creatures vanquished.

Notes
Turn   | Place    | Note
--------------------------------------------------------------
     0 | D:1      | siepu the Ghoul Monk began the quest for the Orb.
     0 | D:1      | Reached XP level 1. HP: 19/19 MP: 0/0
   420 | D:1      | Reached XP level 2. HP: 23/23 MP: 1/1
   491 | D:1      | Reached skill level 5 in Unarmed Combat
   527 | D:1      | You fall through a shaft!
   648 | D:2      | Reached XP level 3. HP: 26/30 MP: 2/2
   821 | D:2      | Reached skill level 6 in Unarmed Combat
   821 | D:2      | Reached XP level 4. HP: 9/38 MP: 3/3
  1119 | D:2      | Found a deep blue altar of Sif Muna.
  1186 | D:2      | Found a white marble altar of Elyvilon.
  1189 | D:2      | Found a snail-covered altar of Cheibriados.
  1192 | D:2      | Found an iron altar of Okawaru.
  1206 | D:2      | Found a radiant altar of Vehumet.
  1814 | D:3      | Noticed abixa's ghost (average HOBe)
  1827 | D:3      | Reached XP level 5. HP: 45/45 MP: 4/4
  1922 | D:3      | Reached skill level 7 in Unarmed Combat
  2398 | D:3      | Found a glowing silver altar of Zin.
  2683 | D:4      | Noticed an ogre
  2684 | D:4      | Noticed a sky beast
  2735 | D:4      | Noticed Menkaure
  2742 | D:4      | Killed Menkaure
  2742 | D:4      | Reached skill level 8 in Unarmed Combat
  2742 | D:4      | Reached XP level 6. HP: 36/51 MP: 5/5
  2818 | D:4      | Noticed Robin
  2828 | D:4      | Killed Robin
  3220 | D:4      | Killed an ogre
  3220 | D:4      | Reached skill level 1 in Throwing
  3220 | D:4      | Reached XP level 7. HP: 57/57 MP: 6/6
  3234 | D:4      | Killed a sky beast
  3234 | D:4      | Reached skill level 9 in Unarmed Combat
  3395 | D:4      | Noticed cireshan's ghost (average DEFE)
  3406 | D:4      | Killed cireshan's ghost
  3523 | D:4      | Found a blossoming altar of Fedhas.
  3595 | D:4      | Noticed Crazy Yiuf
  3602 | D:4      | Killed Crazy Yiuf
  3694 | D:4      | Noticed an ogre
  3708 | D:4      | Killed an ogre
  3708 | D:4      | Reached skill level 10 in Unarmed Combat
  3803 | D:5      | Entered Level 5 of the Dungeon
  3936 | D:5      | Reached XP level 8. HP: 57/63 MP: 7/7
  5019 | D:6      | Found a staircase to the Ecumenical Temple.
  5044 | Temple   | Entered the Ecumenical Temple
  5376 | D:6      | Found a sand-covered staircase.
  5386 | Ossuary  | Entered an ossuary
  5641 | Ossuary  | Reached skill level 11 in Unarmed Combat
  6269 | D:6      | Reached skill level 12 in Unarmed Combat
  6455 | D:6      | Reached XP level 9. HP: 66/71 MP: 8/8
  6704 | D:6      | Reached skill level 5 in Fighting
  7284 | D:7      | Reached skill level 5 in Dodging
  7482 | D:7      | Found Pymiodyll's Antique Weapon Shoppe.
  7563 | D:7      | Found a glowing golden altar of the Shining One.
  7637 | D:7      | Noticed a hill giant
  7998 | D:7      | Killed a hill giant
  7998 | D:7      | Reached XP level 10. HP: 40/84 MP: 9/9
  8633 | D:8      | Noticed Gastronok
  8654 | D:8      | Killed from afar by Gastronok

Vault maps used:
D:1:      dpeg_arrival_solitude
D:2:      old_standard_altar, grunt_temple_overflow_cloverleaf
D:3:      lemuel_doored_altar
D:4:      kennysheep_mini, first_bread, uniq_menkaure, uniq_crazy_yiuf_cottage,
          uniq_robin
D:6:      temple_hall, enter_ossuary_3
D:7:      serial_shops, shop, basic_altar
D:8:      gammafunk_temple_overflow_wave, grunt_pizzeria, uniq_gastronok,
          uniq_erolcha
Temple:   minmay_temple_bridge_b_8
Ossuary:  ossuary_the_hunt_dpeg

Action                   |  1- 3 |  4- 6 |  7- 9 | 10-12 || total
-------------------------+-------+-------+-------+-------++-------
Melee: Unarmed           |    94 |   179 |   447 |    57 ||   777
Throw: Stone             |     7 |     4 |       |       ||    11
       Javelin           |       |     6 |    13 |       ||    19
       Throwing net      |       |       |     1 |       ||     1
  Use: Scroll            |       |     2 |    15 |       ||    17
       Potion            |       |     1 |       |       ||     1
 Stab: Sleeping          |     3 |     6 |     2 |       ||    11
       Distracted        |       |       |     1 |       ||     1
  Eat: Chunk             |     3 |    14 |    47 |     7 ||    71
       Beef jerky        |       |       |     1 |       ||     1
